 Dungeon Crawl Stone Soup version 0.27-a0-492-ga4bb394fd4 (webtiles) character file.

Game seed: 4075050782652067556

172 Nattfarinn the Insei (level 5, -4/33 HPs)
             Began as an Octopode Transmuter on Mar 2, 2021.
             Slain by Grinder (8 damage)
             ... on level 3 of the Dungeon.
             The game lasted 00:05:05 (3945 turns).

Nattfarinn the Insei (Octopode Transmuter)          Turns: 3945, Time: 00:05:05

Health: -4/33      AC:  2    Str: 10    XL:     5   Next: 52%
Magic:  7/9        EV: 19    Int: 16    God:
Gold:   61         SH:  0    Dex: 17    Spells: 6/10 levels left

rFire    . . .     SeeInvis .     - Unarmed
rCold    . . .     Faith    .   (shield currently unavailable)
rNeg     . . .     Spirit   .   (helmet currently unavailable)
rPois    x         Reflect  .   (no amulet)
rElec    .         Harm     .   (no ring)
rCorr    .         Rampage  .   (no ring)
Will     .....                  (no ring)
Stlth    ++........             (no ring)
HPRegen  0.11/turn              (no ring)
MPRegen  0.11/turn              (no ring)
                                (no ring)
                                (no ring)

@: spider-form (expiring)
A: tiny, almost no armour, stealthy swim, (amphibious), 8 rings, (constrict 8)
a: End Transformation


You were on level 3 of the Dungeon.
You were a venomous arachnid creature.
You visited 1 branch of the dungeon, and saw 3 of its levels.

You collected 61 gold pieces.

Inventory:

Hand Weapons
 b - a +0 hunting sling
Missiles
 d - 81 stones
Jewellery
 f - a ring of protection from fire
 l - a ring of fire
Wands
 k - a wand of digging (4)
Scrolls
 a - 3 scrolls of teleportation
 c - a scroll of immolation {unknown}
 g - a scroll of fog {unknown}
 h - a scroll of enchant armour {unknown}
 i - 2 scrolls of identify {unknown}
 j - a scroll of magic mapping {unknown}
Potions
 e - a potion of curing


   Skills:
 - Level 1.0 Fighting
 - Level 2.0 Dodging
 * Level 5.2 Unarmed Combat
 + Level 3.3 Spellcasting
 - Level 2.0 Transmutations


You had 6 spell levels left.
You knew the following spells:

 Your Spells              Type           Power        Failure   Level
a - Beastly Appendage     Tmut           18%          22%         1
b - Spider Form           Tmut/Pois      2%           58%         3

Your spell library contained the following spells:

 Spells                   Type           Power        Failure   Level
 Wereblood                Tmut           9%           28%         2
 Ice Form                 Ice/Tmut       5%           90%         4
 Blade Hands              Tmut           4%           98%         5


Dungeon Overview and Level Annotations

Branches:
Dungeon (3/15)

Altars:
Elyvilon
Sif Muna
Uskayaw
Wu Jian
Xom
The Shining One

Annotations:
D:3 Grinder


Innate Abilities, Weirdness & Mutations

You cannot wear most types of armour.
You are very stealthy in the water. (Stealth+)
((You are amphibious.))
You can wear up to eight rings at the same time.
((You can use your tentacles to constrict eight enemies at once.))
((Your skin changes colour to match your surroundings (Stealth+).))
((Your rubbery body absorbs attacks. (AC +1, EV +1)))


Message History

You climb upwards.
There is a stone staircase leading down here.
Okay, then.
You climb downwards.
Level annotation: Grinder
There is a stone staircase leading up here.
Casting: Spider Form (quite dangerous; 36% risk of failure)
Confirm with . or Enter, or press ? or * to list all spells.
The spell is quite dangerous to cast (36% risk of failure)!
Continue anyway?
You turn into a venomous arachnid creature.
No target in view!
Grinder shouts!
You barely miss Grinder.
Grinder says, "What is the universe for?"
Grinder misses you.
You closely miss Grinder. Grinder gestures at you.
Pain shoots through your body!
You hit Grinder.
Grinder is lightly wounded.
Your transformation is almost over.
Grinder gestures at you. You resist with significant effort.
You barely miss Grinder.
Grinder is lightly wounded.
Grinder hits you!
* * * LOW HITPOINT WARNING * * *
You writhe in agony.
* * * LOW HITPOINT WARNING * * *
You hit Grinder but do no damage.
Grinder is lightly wounded.
Grinder gestures at you. You resist with significant effort.
You completely miss Grinder.
Grinder is lightly wounded.
Grinder misses you.
You hit Grinder.
Grinder is lightly wounded.
Grinder hits you!
You die...

#.# #...# #.#
#####...####
.#######.####...........
...............†........
.####..#.####...........
#..#.# #####...####
#..#<# #...# #..#.#
#.#.# #.5s.# #...# ##
.......### ##.## #>
...#### #.####. .
#...... ####......
#......... #.##......
#####.##.#..#.
#.............


You could see Grinder.

Vanquished Creatures
  Terence (D:2)
  Robin (D:2)
  3 adders
  2 oozes
  3 worms
  4 dart slugs
  2 leopard geckos
  8 orcs (D:3)
  7 bats
  3 giant cockroaches (D:1)
  12 goblins
  7 hobgoblins
  4 jackals (D:2)
  3 kobolds
  A quokka (D:3)
  2 ball pythons
  5 frilled lizards
  5 rats
73 creatures vanquished.

Notes
Turn   | Place    | Note
-------+----------+-------------------------------------------
     0 | D:1      | Nattfarinn the Octopode Transmuter began the quest for the
                  | Orb.
     0 | D:1      | Reached XP level 1. HP: 13/13 MP: 3/3
   278 | D:1      | Reached XP level 2. HP: 18/18 MP: 5/5
   968 | D:1      | Reached XP level 3. HP: 22/23 MP: 6/6
   972 | D:1      | Learned a level 3 spell: Spider Form
  1337 | D:2      | Reached skill level 4 in Unarmed Combat
  1554 | D:2      | Found a bloodstained altar of Trog.
  1556 | D:2      | Found a shimmering blue altar of Sif Muna.
  1556 | D:2      | Found a glowing golden altar of the Shining One.
  1558 | D:2      | Found a white marble altar of Elyvilon.
  1558 | D:2      | Found a glowing golden altar of the Shining One.
  1558 | D:2      | Found a shimmering altar of Xom.
  1607 | D:2      | Found a hide-covered altar of Uskayaw.
  2091 | D:2      | Noticed Terence
  2103 | D:2      | Killed Terence
  2104 | D:2      | Reached XP level 4. HP: 16/28 MP: 4/8
  2617 | D:2      | Found an ornate altar of the Wu Jian Council.
  2676 | D:2      | Noticed Robin
  2703 | D:2      | Killed Robin
  2704 | D:2      | Reached XP level 5. HP: 10/33 MP: 1/9
  3326 | D:3      | Reached skill level 5 in Unarmed Combat
  3927 | D:3      | Noticed Grinder
  3945 | D:3      | Slain by Grinder

Illustrated notes

Levels and vault maps discovered:
D:1:      saegor_arrival_simple_c, layout_basic, hangedman_feature_mirror,
          minmay_door_square
D:2:      layout_loops_ring, eat_drink_and_be_merry_uskayaw,
          pdpol_wu_jian_five_deadly_venoms, doesnt_xom_only_xom, uniq_robin,
          uniq_terence
D:3:      layout_loops_cross, grunt_gozag_statues,
          nicolae_qazlal_general_emergency, st_stairs_2, minmay_quadrilaterals,
          uniq_grinder

Skill      XL: |  1  2  3  4  5 |
---------------+----------------+-----
Unarmed Combat | 4 5 |  5.2
Spellcasting   | 3 |  3.3
Fighting       | |  1.0
Dodging        | |  2.0
Transmutations | |  2.0

Action                   |  1- 3 |  4- 6 || total
-------------------------+-------+-------++-------
Melee: Unarmed           |    82 |   103 ||   185
       Constrict         |    19 |    16 ||    35
       Tentacles         |    14 |    11 ||    25
       Punch             |     2 |     1 ||     3
 Cast: Spider Form       |     1 |     5 ||     6
  Use: Potion            |       |     2 ||     2
       Scroll            |       |     1 ||     1
 Stab: Sleeping          |     7 |     2 ||     9
Armor: Skin              |     8 |     5 ||    13
Dodge: Dodged            |    40 |    74 ||   114

Table legend: (Time is in decaauts)
 A = Elapsed time spent in this place.
 B = Non-inter-level travel time spent in this place.
 C = Inter-level travel time spent in this place.
 D = Time resting spent in this place.
 E = Time spent auto-exploring this place.
 F = Levels seen in this place.
 G = Mean time per level.
                   A        B        C        D        E       F      G
               +--------+--------+--------+--------+--------+-----+--------+
         Total |   3932 |   3864 |     68 |   1038 |   2339 |   3 | 1310.7 |
       Dungeon |   3932 |   3864 |     68 |   1038 |   2339 |   3 | 1310.7 |
               +--------+--------+--------+--------+--------+-----+--------+

Top non-repeatable levels by time:
     D:2: 1713 daAuts
     D:1: 1586 daAuts
     D:3: 631 daAuts
